 BcadrenCrawl: Boulder Brew version 0.05.4-28-gf56dcff (webtiles) character file.

Game seed: 567493837118160600, levelgen mode: deterministic

161 Dorkslayer the Insei (level 5, -1/29 HPs) Molten Gargoyle Fighter. Began on Jan 12, 2022. Slain by a big kobold ... wielding a +0 whip (4 damage) ... on level 2 of the Dungeon. The game lasted 00:03:06 (735 turns).

Dorkslayer the Insei (Molten Gargoyle Fighter)       Turns: 735, Time: 00:03:07

Health: -1/29      AC: 12    Str: 14    XL:     5 ^: 150
Magic:  5/5        EV:  9    Int:  9    God:
Gold:   51         SH:  7    Dex: 15    Spells: 4/4 levels left

rFire    + + +     Vision   .     - Unarmed
rCold    x x .     Gourm    .   b - +0 heater shield
rNeg     + . .     Faith    .   a - +0 scale mail
rCorr    . . .     Spirit   .   (no helmet)
rPois    ∞         Reflect  .   (no cloak)
rElec    +         Harm     .   (no gloves)
MR       .....                  (no boots)
Stlth    +.........             (no amulet)
HPRegen  0.19/turn              (no ring)
MPRegen  0.15/turn              (no ring)

@: short of breath
A: torment immune, lava walking, breathe magma 1, fire resistance 3, negative
energy resistance 1, electricity resistance, unbreathing, petrification
resistance, cold vulnerability 2, rot immunity, core melding 2
a: Breathe Magma


You were on level 2 of the Dungeon.
You were not hungry.

You visited 1 branch of the dungeon, and saw 2 of its levels.

You collected 51 gold pieces.

Inventory:

Shields
 b - a +0 heater shield (shield)
Armour
 a - a +0 scale mail (worn)
Scrolls
 g - a scroll of bless item
Potions
 e - a potion of mutation
Comestibles
 d - 3 rations


   Skills:
 + Level 3.9 Fighting
 + Level 0.6 Dodging
 + Level 3.9 Shields
 * Level 4.5 Unarmed Combat


You had 4 spell levels left.
You didn't know any spells.
Your spell library was empty.

Dungeon Overview and Level Annotations

Branches:
Dungeon (2/8)

Altars:


Innate Abilities, Weirdness & Mutations

You are resistant to torment.
You are not damaged by walking on lava.
You are immune to poison.
You can breathe lava.
You are almost immune to the effects of heat. (rF+++)
You resist negative energy. (rN+)
You are resistant to electric shocks. (rElec)
You can survive without breathing.
You are immune to petrification.
You are very vulnerable to cold. (rC--)
You are immune to rotting.
The molten core of your body molds to fit into any body armour perfectly. (2x Base AC and No Encumberance from Armour).


Message History

The big kobold closely misses you (0).
Okay, then.
You hit the big kobold but do no damage.
The big kobold is heavily wounded. (12/27) HP You hit the big kobold (3).
The big kobold is severely wounded. (9/27) HP The big kobold hits you but does no damage.
You hit the big kobold but do no damage.
The big kobold is severely wounded. (10/27) HP You hit the big kobold (1).
The big kobold is severely wounded. (9/27) HP A kobold comes into view.
The big kobold hits you but does no damage.
You hit the big kobold but do no damage.
The big kobold is severely wounded. (9/27) HP
Okay, then.
You hit the big kobold but do no damage.
The big kobold is severely wounded. (9/27) HP The big kobold hits you with a +0 whip (4).
You die...

#.≈≈≈≈≈P≈≈≈≈≈≈PPPPP≈≈≈
#.≈≈≈≈≈PP≈≈≈≈≈PPPP≈≈≈≈
#≈≈≈≈≈P≈≈≈≈≈≈≈≈≈≈≈≈≈≈≈
#.≈≈≈≈≈.≈≈≈≈b≈≈≈≈≈≈≈≈≈
#≈...P.≈..≈≈≈≈≈...≈≈≈
#†##########.##≈..####
#.†#########†........#
#..#≈≈..#≈##.........#
#.≈K)@....≈##.......≈.
#≈.≈K........b#.......
#≈####.......≈#≈......
### ##....}####≈≈....
##.≈###..###...≈
##≈.#...≈......
####..........
#≈...†......
#≈...##≈≈...


You could see a big kobold and a kobold.

Vanquished Creatures
  2 jellies (D:2)
  A giant cockroach (D:1)
  4 sewer rats (D:2)
  A worm (D:2)
  5 cinder newts
  A dart slug (D:1)
  3 hobgoblins (D:1)
  A kobold (D:2)
  A ball python (D:2)
  2 rats (D:1)
21 creatures vanquished.

Vanquished Creatures (others)
  A bat skeleton (D:2)
  A giant blowfly (D:2)
  46 withered plants (D:2)
48 creatures vanquished.

Grand Total: 69 creatures vanquished

Notes
Turn   | Place    | Note
-------+----------+-------------------------------------------
     0 | D:1      | Dorkslayer the Molten Gargoyle Fighter began the quest for
                  | the Orb.
     0 | D:1      | Reached XP level 1. HP: 12/12 MP: 1/1
    41 | D:1      | Reached XP level 2. HP: 16/16 MP: 2/2
   102 | D:1      | Reached XP level 3. HP: 21/21 MP: 3/3
   213 | D:2      | Reached skill level 3 in Unarmed Combat
   230 | D:2      | Reached XP level 4. HP: 8/25 MP: 4/4
   361 | D:2      | Reached skill level 4 in Unarmed Combat
   439 | D:2      | Reached XP level 5. HP: 25/29 MP: 5/5
   735 | D:2      | Slain by a big kobold

Levels and vault maps discovered:
D:1:      psy_arrival_spokes, layout_basic
D:2:      layout_sewer, basic_altar, first_ration, uniq_natasha, uniq_duvessa

Skill      XL: |  1  2  3  4 |
---------------+-------------+-----
Unarmed Combat | 3 4 |  4.5
Fighting       | |  3.9
Dodging        | |  0.6
Shields        | |  3.9

Action                   |  1- 3 |  4- 6 || total
-------------------------+-------+-------++-------
Melee: Unarmed           |    99 |   201 ||   300
 Abil: Breathe Magma     |       |     1 ||     1
  Use: Potion            |       |     2 ||     2
Armor: Scale mail        |    31 |    58 ||    89
Dodge: Dodged            |     5 |    18 ||    23
Block: Heater shield     |    14 |    28 ||    42
